Map: Habitation Station LE (Void)

Players

Musumeci

  • Race: Zerg Zerg
  • League: Diamond
  • Spawn Location: 11:00

ProtossWeak - Winner!

  • Race: Terran Terran
  • League: Diamond
  • Spawn Location: 1:00

VOD

Have the link to the VOD?

Description

Time

  • Played on: Jan. 7, 2017, 7 a.m.
  • Length: 12:24
Show
View Real Time Build Order
Export as new Build Order

Musumeci Zerg 

Build Orders: Hatch First 

Get SALT Encoding   

  12  0:01  Drone  
  13  0:10  Drone  
  14  0:14  Extractor  
  14  0:16  Drone  
  15  0:40  Hatchery  
  14  0:45  Drone, Extractor  
  15  1:00  Spawning Pool  
  14  1:15  Drone, Extractor  
  14  1:16  Drone, Extractor  
  14  1:27  Overlord  
  15  1:49  Queen  
  15  1:51  Queen  
  15  1:52  Drone x2  
  21  2:05  Drone x3  
  21  2:06  Drone  
  25  2:13  Overlord  
  25  2:25  Queen  
  27  2:31  Queen  
  27  2:35  Drone  
  27  2:37  Drone  
  31  2:40  Drone  
  31  2:43  Drone  
  33  2:45  Drone  
  33  2:50  Overlord  
  34  2:55  Overlord  
  34  3:02  Drone x2  
  36  3:11  Drone x3  
  36  3:12  Drone x2  
  41  3:19  Evolution Chamber  
  40  3:23  Drone  
  40  3:24  Drone x2, Evolution Chamber  
  42  3:41  Extractor x2  
  41  3:42  Drone  
  41  3:43  Drone x2, Roach Warren  
  41  3:44  Drone x3  
  45  3:57  Overlord  
  45  4:00  Hatchery  
  44  4:03  Drone x2  
  44  4:04  Drone  
  47  4:14  Overlord  
  47  4:25  Roach x4  
  55  4:31  Extractor  
  55  4:33  Drone  
  55  4:34  Drone  
  55  4:35  Drone x2, Extractor  
  55  4:36  Drone  
  58  4:58  Drone  
  58  4:59  Drone x2  
  61  5:01  Drone  
  61  5:02  Drone x3  
  65  5:10  Drone x2, Spore Crawler  
  65  5:12  Drone, Spore Crawler  
  66  5:15  Spore Crawler  
  66  5:16  Drone, Spore Crawler  
  65  5:35  Roach x4  
  61  5:50  Roach x6  
  61  5:54  Queen  
  61  5:55  Queen x2  
  60  6:09  Roach x6  
  68  6:14  Drone  
  68  6:15  Drone  
  64  6:27  Drone x3  
  67  6:46  Ravager x2  
  67  6:47  Ravager x2  
  71  6:48  Zerg Ground Armor Level 1, Zerg Missile Weapons Level 1  
  71  6:49  Lair  
  71  6:50  Drone x3  
  71  6:52  Overlord x4  
  74  7:10  Drone x12  
  86  7:16  Drone  
  87  7:31  Drone x2  
  87  7:32  Drone, Extractor x2  
  87  7:33  Drone x3  
  87  7:35  Drone  
  87  7:36  Drone  
  87  7:37  Drone x2  
  95  7:38  Drone  
  95  7:40  Roach x2  
  100  7:47  Glial Reconstitution  
  100  7:50  Roach x3  
  106  7:51  Overlord x2  
  106  8:07  Overseer  
  106  8:10  Overlord  
  106  8:11  Overlord  
  106  8:25  Roach x8  
  106  8:26  Overlord x4  
  122  8:41  Ravager  
  122  8:42  Roach, Ravager x4  
  122  8:43  Roach x4  
  122  8:45  Ravager x5  
  142  8:50  Hatchery, Extractor  
  140  9:17  Roach x15  
  136  9:20  Ravager x3  
  109  9:53  Roach x10  
  121  10:00  Roach  
  121  10:01  Roach x2  
  127  10:14  Ravager x6  
  127  10:15  Roach x4  
  127  10:18  Drone x2  
  127  10:19  Drone  
  146  10:28  Roach x5  
  146  10:29  Roach x3, Extractor  
  146  10:35  Ravager  
  160  10:36  Ravager  
  160  10:42  Drone  
  162  11:02  Burrow  
  156  11:21  Roach  
  156  11:22  Roach x9  
  132  11:43  Roach x8  
  132  11:44  Roach x11  
  131  11:47  Roach x3  
Show
View Real Time Build Order
Export as new Build Order

ProtossWeak Terran - Winner!

Build Orders: Command Center First (CC), Bio Tank 

Get SALT Encoding   

  12  0:01  SCV  
  13  0:13  SCV  
  14  0:19  Supply Depot  
  14  0:25  SCV  
  15  0:40  SCV  
  16  0:52  SCV  
  17  1:00  Command Center  
  17  1:04  SCV  
  18  1:16  SCV  
  19  1:19  Barracks  
  18  1:29  SCV  
  19  1:35  Barracks  
  19  1:43  SCV, Refinery  
  20  1:47  Refinery  
  20  1:55  SCV  
  21  2:08  SCV  
  22  2:11  Marine  
  23  2:20  Orbital Command  
  23  2:22  Barracks Tech Lab  
  23  2:33  Orbital Command  
  23  2:36  Barracks Reactor  
  23  2:43  Marine  
  24  2:44  Stimpack  
  24  2:46  SCV  
  25  2:57  Bunker  
  25  2:58  SCV  
  26  3:03  Factory, SCV  
  27  3:07  Marine  
  27  3:10  SCV  
  29  3:14  Marine  
  29  3:15  SCV, Marine  
  31  3:22  SCV  
  31  3:24  Marine  
  33  3:28  SCV  
  33  3:32  Supply Depot  
  34  3:34  SCV, Marine x2  
  34  3:39  Supply Depot  
  34  3:41  SCV  
  38  3:50  Starport, Factory Reactor  
  38  3:54  SCV x2, Marine  
  41  3:59  Marine  
  41  4:00  Supply Depot  
  41  4:01  Marine  
  43  4:06  SCV  
  43  4:09  Engineering Bay  
  44  4:10  SCV  
  44  4:14  Marine  
  46  4:18  SCV  
  46  4:19  Marine x2  
  46  4:22  SCV  
  46  4:23  Supply Depot  
  50  4:27  Refinery  
  50  4:33  Marine  
  50  4:35  Medivac x2  
  50  4:37  SCV, Marine  
  57  4:39  SCV  
  57  4:40  Marine  
  57  4:45  Factory Tech Lab, Combat Shields  
  59  4:49  SCV  
  59  4:51  SCV, Terran Infantry Weapons Level 1  
  61  4:57  Supply Depot  
  61  4:58  Marine  
  62  5:00  Marine  
  62  5:02  SCV, Marine  
  62  5:03  SCV  
  66  5:08  Siege Tank  
  66  5:14  SCV  
  70  5:18  Refinery, Marine  
  70  5:19  SCV, Medivac  
  74  5:23  Supply Depot  
  74  5:26  SCV  
  75  5:31  SCV  
  70  5:59  Marine x3  
  70  6:00  Medivac x2, Siege Tank  
  70  6:01  SCV x2  
  80  6:10  Command Center  
  77  6:17  Marine  
  74  6:24  Marine x2  
  75  6:26  SCV x2  
  77  6:33  Barracks, Medivac x2  
  77  6:34  Factory  
  77  6:35  Barracks x2, Marine  
  82  6:41  Siege Tank  
  82  6:42  Marine  
  86  6:51  Supply Depot  
  86  6:52  Supply Depot  
  86  6:53  Supply Depot  
  86  6:54  Terran Infantry Armor Level 1  
  86  6:57  Engineering Bay  
  86  7:03  Marine x2  
  86  7:05  Marine  
  80  7:12  SCV x2  
  82  7:19  Factory Tech Lab  
  82  7:20  Siege Tank  
  82  7:21  Marine x2  
  87  7:24  Orbital Command, SCV x2  
  87  7:28  Marine  
  87  7:29  Barracks Reactor  
  91  7:30  Barracks Tech Lab  
  91  7:32  Barracks Reactor  
  91  7:36  SCV  
  91  7:38  Armory  
  91  7:39  Siege Tank  
  91  7:40  SCV  
  95  7:44  Marine  
  95  7:45  Refinery, Marine  
  95  7:50  Marine  
  95  7:51  Marauder  
  100  7:52  SCV x2  
  100  7:53  SCV  
  100  7:56  Supply Depot  
  103  8:00  Concussive Shells  
  103  8:02  Marine, Siege Tank  
  103  8:03  Marauder  
  103  8:04  SCV  
  110  8:06  Marine x2  
  110  8:07  SCV  
  110  8:08  SCV, Marine  
  110  8:11  Marine x2  
  110  8:12  Marauder  
  119  8:15  Supply Depot  
  119  8:16  SCV  
  119  8:18  Supply Depot, Siege Tank  
  119  8:19  SCV  
  124  8:20  Marine  
  124  8:25  Marine x2  
  124  8:26  Marauder  
  129  8:29  Supply Depot  
  129  8:31  Terran Infantry Weapons Level 2, Supply Depot  
  129  8:34  Terran Vehicle Weapons Level 1, Marine x2  
  129  8:35  Marine  
  129  8:37  SCV x3  
  129  8:39  Marine  
  129  8:40  Marauder  
  138  8:43  Marine  
  139  8:49  Marauder, SCV x2, Marine  
  139  8:50  Siege Tank  
  139  8:52  Marine  
  148  8:59  Marine x3  
  148  9:00  Command Center  
  148  9:01  Marauder, Terran Infantry Armor Level 2  
  148  9:02  Unknown  
  153  9:05  Supply Depot  
  153  9:06  Supply Depot  
  153  9:20  Marine  
  153  9:21  Marauder, Marine x4  
  153  9:22  Siege Tank  
  153  9:23  Marauder  
  159  9:33  Marine  
  159  9:34  Siege Tank  
  162  9:38  Marine  
  162  9:40  Medivac  
  162  9:41  SCV x2  
  162  9:42  Marauder  
  162  9:43  Refinery  
  162  9:44  Marauder  
  147  10:01  Marine x6  
  147  10:02  Siege Tank  
  147  10:04  Marauder  
  147  10:06  Marauder, Siege Tank  
  161  10:18  Marine  
  161  10:19  Marine  
  163  10:25  Marauder  
  163  10:26  Marine x3  
  163  10:27  Marauder  
  170  10:33  Widow Mine  
  172  10:38  Widow Mine  
  172  10:40  Barracks  
  172  10:41  Barracks, Marine x2  
  176  10:44  Medivac  
  176  10:46  Marauder  
  176  10:48  Marauder  
  182  10:57  Marine x3  
  182  10:58  Marine  
  182  10:59  Medivac  
  182  11:03  Siege Tank  
  191  11:07  Siege Tank  
  191  11:08  Marauder  
  190  11:30  Marine x2  
  190  11:31  Marauder x2  
  190  11:45  Orbital Command  
  178  11:47  Marine x2  
  178  11:48  Barracks Reactor, Marine x2, Barracks Tech Lab  
  178  11:49  Siege Tank x2  
  178  11:50  Medivac  
  178  11:52  Marauder x2  
  174  11:58  Marine x2  
  178  12:05  Marine  
Tags
 
Add a new tag
Caveats
  • Supply blocks, unpowered buildings, or Contaminate may cause inaccurate times.
  • Supply counts are checked every 10 seconds.